 Dungeon Crawl Stone Soup version 0.23-a0-350-g6fd5563 (webtiles) character file.

626 Garbasso the Insei (level 7, -1/53 HPs)
             Began as a Merfolk Transmuter on Oct 20, 2018.
             Was an Initiate of Okawaru.
             Slain by Duvessa
             ... wielding a +6 short sword of draining
              (3 damage)
             ... on level 4 of the Dungeon.
             The game lasted 00:15:39 (5213 turns).

Garbasso the Insei (Merfolk Transmuter)             Turns: 5213, Time: 00:15:40

Health: -1/53      AC:  2    Str: 11    XL:     7   Next: 47%
Magic:  1/10       EV: 20    Int: 14    God:    Okawaru [......]
Gold:   206        SH:  0    Dex: 19    Spells: 4/10 levels left

rFire    . . .     SeeInvis .     - Unarmed
rCold    . . .     Gourm    .   (shield currently unavailable)
rNeg     . . .     Faith    .   (armour currently unavailable)
rPois    x         Spirit   .   (helmet currently unavailable)
rElec    .         Reflect  .   (cloak currently unavailable)
rCorr    +         Harm     .   (gloves currently unavailable)
MR       .....                  (boots currently unavailable)
Stlth    ++........             i - amulet of the acrobat
HPRegen  0.17/turn              a - ring of resist corrosion
MPRegen  0.12/turn              (no ring)

@: spider-form (expiring), very slightly contaminated, heavily drained
A: tiny, (change form in water), (swift swim), (stealthy swim)
a: End Transformation, Renounce Religion


You were on level 4 of the Dungeon.
You worshipped Okawaru.
Okawaru was noncommittal.
You were not hungry.
You were a venomous arachnid creature.
You visited 2 branches of the dungeon, and saw 6 of its levels.

You collected 206 gold pieces.

Inventory:

Hand Weapons
 b - a +0 hunting sling
Missiles
 k - 26 sling bullets
 m - 6 tomahawks (quivered)
 t - 9 arrows
Armour
 c - a +0 robe (melded)
 g - a +0 cloak
 h - a scarf of repulsion (melded)
 w - a +0 helmet (melded)
Jewellery
 a - a ring of resist corrosion (left front leg)
 i - an amulet of the acrobat (around neck)
Wands
 r - a wand of flame (16)
Scrolls
 e - 4 scrolls of identify
 f - 5 scrolls of remove curse {unknown}
 l - a scroll of blinking {unknown}
 n - a scroll of immolation {unknown}
 o - a scroll of enchant armour {unknown}
 p - a scroll of enchant weapon {unknown}
 s - 2 scrolls of fog
Potions
 q - a potion of brilliance {unknown}
 v - a potion of degeneration {unknown}
Comestibles
 d - 5 rations


   Skills:
 + Level 3.9(2.3) Fighting
 + Level 3.5(2.0) Dodging
 * Level 6.4(4.7) Unarmed Combat
 - Level 2.0(0.5) Spellcasting
 + Level 6.4(4.7) Transmutations


You had 4 spell levels left.
You knew the following spells:

 Your Spells              Type           Power        Failure   Level  Hunger
a - Beastly Appendage     Tmut           ##....       13%         1    ##.....
b - Sticks to Snakes      Tmut           ##......     17%         2    ###....
c - Spider Form           Tmut/Pois      #.........   52%         3    ####...

Your spell library contained the following spells:

 Spells                   Type           Power        Failure   Level  Hunger
 Ice Form                 Ice/Tmut       #.......     87%         4    #####..
 Blade Hands              Tmut           ##........   88%         5    ######.


Dungeon Overview and Level Annotations

Branches:
Dungeon (5/15)             Temple (1/1) D:4

Altars:
Elyvilon
Fedhas
Gozag
Kikubaaqudgha
Makhleb
Nemelex Xobeh
Okawaru
Sif Muna
Uskayaw
Wu Jian
Xom
Yredelemnul
The Shining One

Annotations:
D:4 Dowan, Duvessa


Message History

You barely miss the hound.
The hound is severely wounded.
The hound closely misses you.
Duvessa hits you with a +6 short sword of draining!
You feel drained.
* * * LOW HITPOINT WARNING * * *
The hound misses you.
Your transformation is almost over.
The hound completely misses you. Duvessa completely misses you.
Duvessa closely misses you. The hound misses you.
You hit Duvessa but do no damage.
Duvessa is poisoned.
The hound bites you.
* * * LOW HITPOINT WARNING * * *
Duvessa barely misses you.
You bite the hound!
You kill the hound!
Okawaru accepts your kill.
Duvessa hits you with a +6 short sword of draining!
* * * LOW HITPOINT WARNING * * *
You feel drained.
You die...

...##..........#.....##...#######
...............#......#...##....#
...............'......#.........#
...............#......#.........#
...............#......#.........#
...##...###...##......#...##....#
...########...#......##.[.##....#
.........#....#§.....#.....#....#
.........#....#§s§§§)#[....'....#
.....(...'....#§§e§§.e)....#....#
...########..<#§§§§.)##...##....#
...# #############...####### ...#
#....#..........# ...#
#....#.....)....# ...#
#....'..........# ...#
#######...#####'# ...###
########...#


You could see Duvessa.

Vanquished Creatures
  Grinder (D:3)
  A centaur (D:5)
  A hound (D:4)
  An orc wizard (D:3)
  An iguana (D:4)
  Natasha (D:4)
  A worker ant (D:4)
  Robin (D:4)
  3 gnolls (D:3)
  3 adders
  3 dart slugs
  2 leopard geckos
  2 orcs
  A ball python (D:3)
  5 bats
  5 giant cockroaches
  16 goblins
  9 hobgoblins
  4 jackals (D:2)
  11 kobolds
  8 frilled lizards
  A jackal zombie (D:5)
  6 rats
87 creatures vanquished.

Vanquished Creatures (collateral kills)
  An orc priest (D:3)
  Natasha (twice) (D:4)
  2 adders
  2 orcs (D:3)
  A goblin (D:3)
8 creatures vanquished.

Grand Total: 95 creatures vanquished

Notes
Turn   | Place    | Note
-------+----------+-------------------------------------------
     0 | D:1      | Garbasso the Merfolk Transmuter began the quest for the
                  | Orb.
     0 | D:1      | Reached XP level 1. HP: 15/15 MP: 3/3
   372 | D:1      | Reached XP level 2. HP: 21/21 MP: 5/5
   397 | D:1      | Learned a level 2 spell: Sticks to Snakes
   765 | D:1      | Reached XP level 3. HP: 27/27 MP: 4/6
   770 | D:1      | Learned a level 3 spell: Spider Form
  1498 | D:2      | Found an ornate altar of the Wu Jian Council.
  1524 | D:2      | Reached XP level 4. HP: 31/33 MP: 4/7
  2250 | D:3      | Found a blossoming altar of Fedhas.
  2374 | D:3      | Noticed Grinder
  3008 | D:3      | Reached XP level 5. HP: 39/39 MP: 5/8
  3061 | D:3      | Reached skill level 5 in Unarmed Combat
  3331 | D:3      | Killed Grinder
  3331 | D:3      | Reached skill level 5 in Transmutations
  3331 | D:3      | Reached XP level 6. HP: 23/47 MP: 1/9
  3963 | D:4      | Noticed Natasha
  3980 | D:4      | Killed Natasha
  4004 | D:4      | Noticed Natasha
  4021 | D:4      | Killed Natasha
  4021 | D:4      | Reached XP level 7. HP: 31/52 MP: 2/10
  4118 | D:4      | Noticed Natasha
  4124 | D:4      | Killed Natasha
  4325 | D:4      | Found a staircase to the Ecumenical Temple.
  4331 | Temple   | Entered the Ecumenical Temple
  4383 | Temple   | Became a worshipper of Warmaster Okawaru
  4414 | D:4      | Found an opulent altar of Gozag.
  4658 | D:4      | Noticed Robin
  4666 | D:4      | Killed Robin
  4745 | D:4      | Noticed Dowan
  4755 | D:4      | Noticed Duvessa
  5109 | D:5      | Entered Level 5 of the Dungeon
  5213 | D:4      | HP: 2/53 [Duvessa/+6 short sword of draining (10)]
  5213 | D:4      | Slain by Duvessa

Vault maps used:
D:1:      zaba_arrival_water, kennysheep_small_spiral
D:2:      first_ration, lemuel_tele_altar
D:3:      fedhas_ov_isle_minmay, uniq_grinder
D:4:      nicolae_gozag_cash_rules_everything_around_me,
          minmay_temple_entry_enclosed_plants, minmay_misc_feat_enclosed,
          uniq_duvessa, uniq_robin, uniq_natasha
D:5:      tgw_trog, led_sif_pool
Temple:   nicolae_temple_god_jail

Skill      XL: |  1  2  3  4  5  6 |
---------------+-------------------+-----
Transmutations | 3 4 5 6 |  6.4
Unarmed Combat | 4 5 6 |  6.4
Fighting       | 2 3 |  3.9
Dodging        | 3 |  3.5
Spellcasting   | |  2.0

Action                   |  1- 3 |  4- 6 |  7- 9 || total
-------------------------+-------+-------+-------++-------
Melee: Unarmed           |    93 |   102 |    61 ||   256
       Tailslap          |     2 |       |       ||     2
       Punch             |     2 |     1 |       ||     3
       Headbutt          |    11 |    12 |       ||    23
 Fire: Hunting sling     |    26 |    14 |       ||    40
 Cast: Beastly Appendage |    13 |    14 |     2 ||    29
       Sticks to Snakes  |     4 |    12 |     1 ||    17
       Spider Form       |       |     5 |     7 ||    12
  Use: Scroll            |       |       |     2 ||     2
       Potion            |       |       |     1 ||     1
 Stab: Sleeping          |     1 |     1 |       ||     2
       Distracted        |     1 |     1 |       ||     2
  Eat: Chunk             |     2 |    10 |     4 ||    16
       Ration            |       |       |     1 ||     1
Armor: Robe              |    29 |    11 |       ||    40
       Skin              |       |       |     1 ||     1
Dodge: Dodged            |   100 |    75 |    71 ||   246
       Deflected         |     2 |       |     1 ||     3

Table legend:
 A = Non-vault XP
 B = Vault XP
 C = Vault XP percentage of total XP
 D = Non-vault monster count
 E = Vault monster count
 F = Vault count percentage of total count
                 A         B        C        D         E       F
            +---------+---------+-------+---------+---------+-------
      Total |     546 |     349 |  39.0 |      80 |      15 |  15.8
            +---------+---------+-------+---------+---------+-------
        D:1 |      35 |       0 |   0.0 |      21 |       0 |   0.0
        D:2 |      71 |       0 |   0.0 |      27 |       0 |   0.0
        D:3 |     140 |     290 |  67.4 |      19 |       1 |   5.0
        D:4 |     184 |      59 |  24.3 |      10 |      14 |  58.3
        D:5 |     116 |       0 |   0.0 |       3 |       0 |   0.0
            +---------+---------+-------+---------+---------+-------
